 Dungeon Crawl Stone Soup version 0.31-a0-239-g0a1456f148 (webtiles) character file.

Game seed: 18445224433497563309

100 qw the Shooter (level 4, 0/36 HPs)
             Began as a Minotaur Hexslinger on July 11, 2023.
             Slain by an orc
             ... wielding a +0 whip
              (4 damage)
             ... on level 3 of the Dungeon.
             The game lasted 00:00:46 (1193 turns).

qw the Shooter (Minotaur Hexslinger)                Turns: 1193, Time: 00:00:46

Health: 0/36       AC:  4    Str: 12    XL:     4   Next: 47%
Magic:  4/4        EV: 12    Int: 10    God:
Gold:   103        SH:  0    Dex: 15    Spells: 4/5 levels left

rFire   . . .        Y - +1 sling
rCold   . . .        (no shield)
rNeg    . . .        d - +0 leather armour
rPois   .            (helmet restricted)
rElec   .            (no cloak)
rCorr   .            (no gloves)
SInv    .            h - +0 pair of boots
Will    .....        i - amulet of faith
Stlth   +            (no ring)
HPRegen 0.26/turn    (no ring)
MPRegen 0.09/turn

%: faith
@: no status effects
A: horns 2, retaliatory headbutt
a: no special abilities


You were on level 3 of the Dungeon.
You visited 1 branch of the dungeon, and saw 3 of its levels.

You collected 103 gold pieces.


Innate Abilities, Weirdness & Mutations

You have a pair of horns on your head.
You reflexively headbutt those who attack you in melee.


   Skills:
 + Level 2.1 Fighting
 - Level 5.0 Ranged Weapons
 - Level 2.1 Dodging
 - Level 1.0 Spellcasting
 - Level 2.0 Hexes


You had 4 spell levels left.
You knew the following spells:

 Your Spells              Type           Power      Damage    Failure   Level
a - Slow                  Hex            16%        N/A       19%         1

Your spell library contained the following spells:

 Spells                   Type           Power      Damage    Failure   Level
 Inner Flame              Hex/Fire       2%         N/A       65%         3
 Portal Projectile        Hex/Tloc       4%         N/A       65%         3
 Cause Fear               Hex            2%         N/A       88%         4

Inventory:

Hand Weapons
 Y - a +1 sling (weapon)
Armour
 d - a +0 leather armour (worn)
 h - a +0 pair of boots (worn)
Jewellery
 i - an amulet of faith (around neck)
Scrolls
 g - 2 scrolls of teleportation
Potions
 b - a potion of brilliance {unknown}
 e - a potion of enlightenment {unknown}
 f - 2 potions of might

Dungeon Overview and Level Annotations

Branches:
Dungeon (3/15)

Altars:

Annotations:
D:2 1 runed translucent door, Crazy Yiuf


Message History

The orc hits you with a +0 whip.
The orc wizard hits you with a +0 dagger.
The orc misses you.
The orc wizard points at you and mumbles some strange words.
You resist with some effort. The orc closely misses you.
The orc wizard barely misses you. The orc hits you with a +0 whip.
The orc wizard closely misses you.
You feel less confused. The orc hits you with a +0 whip.
The orc wizard hits you but does no damage.
You shoot a sling bullet. The sling bullet hits the orc wizard.
The orc wizard is moderately wounded.
The orc hits you with a +0 whip.
The orc wizard points at you and mumbles some strange words.
You are confused.
The orc wizard points at you and mumbles some strange words.
The puff of flame hits you. The orc hits you with a +0 whip.
The orc completely misses you.
The orc wizard points at you and mumbles some strange words.
You are more confused.
The orc barely misses you.
The orc wizard hits you with a +0 dagger.
The orc misses you. The orc wizard casts a spell at you.
You resist with some effort. The orc hits you but does no damage.
The orc wizard misses you. The orc barely misses you.
The orc wizard hits you with a +0 dagger.
The orc barely misses you. The orc wizard barely misses you.
The orc closely misses you.
The orc wizard hits you but does no damage.
The orc barely misses you.
The orc wizard hits you but does no damage.
The orc hits you with a +0 whip.
The orc wizard hits you with a +0 dagger.
The orc hits you with a +0 whip.
The orc wizard hits you but does no damage.
You feel less confused. The orc hits you with a +0 whip.
You die...

#.# #.# #.#
#.# # #.#
#.####.#######
#.............
######<######.
#o@# ##o# #)#
#.# #)# #).
#?# ##.


You could see an orc wizard and an orc.

Vanquished Creatures
  Natasha (D:1)
  An adder (D:2)
  A worm (D:2)
  3 dart slugs
  3 orcs (D:3)
  4 bats
  4 endoplasms
  2 giant cockroaches
  4 goblins
  4 hobgoblins
  3 jackals (D:2)
  2 quokkas (D:1)
  6 ball pythons
  4 frilled lizards
  4 kobolds
  6 rats
52 creatures vanquished.

Notes
Turn   | Place    | Note
-------+----------+-------------------------------------------
     0 | D:1      | qw the Minotaur Hexslinger began the quest for the Orb.
     0 | D:1      | Reached XP level 1. HP: 16/16 MP: 1/1
     0 | D:1      | 0 ||| qw: Version: 0.3-a-52-g30416fa
     0 | D:1      | 0 ||| qw: Game counter: 5885
     0 | D:1      | 0 ||| qw: Melee chars always use a shield: true
     0 | D:1      | 0 ||| qw: God list: Okawaru
     0 | D:1      | 0 ||| qw: Allow faded altars: false
     0 | D:1      | 0 ||| qw: Do Orc after clearing Dungeon:15 true
     0 | D:1      | 0 ||| qw: Do second Lair branch before Depths: true
     0 | D:1      | 0 ||| qw: Lair rune preference: random
     0 | D:1      | 0 ||| qw: Goals: Normal
     0 | D:1      | 0 ||| PLANNING D:1-11
    68 | D:1      | Reached skill level 3 in Ranged Weapons
    73 | D:1      | Reached XP level 2. HP: 23/23 MP: 2/2
   100 | D:1      | Found a faded altar of an unknown god.
   335 | D:1      | Reached XP level 3. HP: 29/29 MP: 3/3
   406 | D:1      | 406 ||| UPGRADING to +0 leather armour.
   416 | D:1      | 416 ||| DROPPING +0 robe.
   417 | D:1      | 417 ||| READING scroll labelled ZIRHAL MOPYUMO.
   418 | D:1      | 418 ||| READING scroll labelled UPSIMO VYBE.
   419 | D:1      | 419 ||| DRINKING 2 bubbling sapphire potions.
   420 | D:1      | 420 ||| DROPPING scroll of poison.
   431 | D:2      | 431 ||| STAIRDANCE
   493 | D:2      | Noticed Natasha
   494 | D:2      | 494 ||| FLEEEEING.
   495 | D:2      | 495 ||| FLEEEEING.
   496 | D:2      | 496 ||| FLEEEEING.
   498 | D:2      | 498 ||| FLEEEEING.
   499 | D:2      | 499 ||| FLEEEEING.
   500 | D:2      | 500 ||| FLEEEEING.
   501 | D:2      | 501 ||| FLEEEEING.
   502 | D:2      | 502 ||| FLEEEEING.
   503 | D:2      | 503 ||| STAIRDANCE
   524 | D:1      | 524 ||| READING scroll labelled OWOONW OSUCSOA.
   530 | D:2      | 530 ||| STAIRDANCE
   538 | D:1      | Killed Natasha
   539 | D:1      | Reached skill level 4 in Ranged Weapons
   657 | D:2      | Reached XP level 4. HP: 34/36 MP: 4/4
   901 | D:2      | Found a runed translucent door.
   902 | D:2      | Noticed Crazy Yiuf
  1075 | D:2      | 1075 ||| UPGRADING to +0 pair of boots.
  1080 | D:2      | 1080 ||| UPGRADING to amulet of faith.
  1085 | D:2      | 1085 ||| READING scroll labelled SUZURE LAORPH.
  1086 | D:2      | 1086 ||| READING scroll labelled QAGAES SAISUSE.
  1087 | D:2      | 1087 ||| READING 3 scrolls labelled BOFEAF UDU.
  1128 | D:2      | 1128 ||| READING scroll labelled GAUL CEBICOECU.
  1171 | D:3      | Reached skill level 5 in Ranged Weapons
  1191 | D:3      | HP: 7/36 [orc wizard/+0 dagger (3)]
  1193 | D:3      | Slain by an orc

Levels and vault maps discovered:
D:1:      scummos_arrival_simple_fountains, layout_rooms,
          ebering_ecumenical_altar_mist, minmay_small_reverse_x
D:2:      layout_rooms, uniq_crazy_yiuf_cottage, uniq_natasha
D:3:      layout_loops_ring, grunt_decor_fettered, corexii_hall_statues_x,
          kennysheep_flooded_box

Skill      XL: |  1  2  3  4 |
---------------+-------------+-----
Ranged Weapons | 3 4 5 |  5.0
Fighting       | 2 |  2.1
Dodging        | |  2.1
Spellcasting   | |  1.0
Hexes          | |  2.0

Action                     |  1- 3 |  4- 6 || total
---------------------------+-------+-------++-------
   Fire: Sling             |    95 |    53 ||   148
    Use: Scroll            |     3 |     4 ||     7
         Potion            |     1 |       ||     1
 Armour: Robe              |     6 |       ||     6
         Leather armour    |    10 |    11 ||    21
  Dodge: Dodged            |    29 |    26 ||    55

Table legend:
 A = Non-vault XP
 B = Vault XP
 C = Vault XP percentage of total XP
 D = Non-vault monster count
 E = Vault monster count
 F = Vault count percentage of total count
                 A         B        C        D         E       F
            +---------+---------+-------+---------+---------+-------
      Total |     104 |      40 |  27.8 |      47 |       5 |   9.6
            +---------+---------+-------+---------+---------+-------
        D:1 |      42 |      40 |  48.8 |      23 |       5 |  17.9
        D:2 |      53 |       0 |   0.0 |      21 |       0 |   0.0
        D:3 |       9 |       0 |   0.0 |       3 |       0 |   0.0
            +---------+---------+-------+---------+---------+-------
